 Dungeon Crawl Stone Soup version 0.30-a0-1114-gd936c97349 (webtiles) character file.

Game seed: 5401296064048459547

54 sampeng1 the Chopper (level 4, 0/35 HPs)
             Began as a Human Cinder Acolyte on Apr 21, 2023.
             Was a High Priest of Ignis.
             Slain by a goblin
             ... wielding a +0 dagger
             ... led by Robin
              (3 damage)
             ... on level 2 of the Dungeon.
             The game lasted 00:06:29 (1032 turns).

sampeng1 the Chopper (Human Cinder Acolyte)         Turns: 1032, Time: 00:06:30

Health: 0/35       AC:  7    Str: 15    XL:     4   Next: 12%
Magic:  0/6        EV: 10    Int: 16    God:    Ignis [*****.]
Gold:   51         SH:  0    Dex:  8    Spells: 4/6 levels left

rFire   + . .      SeeInvis .    a - -1 hand axe (flame)
rCold   . . .      Faith    .    (no shield)
rNeg    . . .      Spirit   .    g - +1 ring mail
rPois   .          Reflect  .    (no helmet)
rElec   .          Rampage  .    d - +0 cloak
rCorr   .                        (no gloves)
Will    .....                    (no boots) Stlth
                                 (no amulet)
HPRegen 0.25/turn                (no ring)
MPRegen 0.10/turn                (no ring)

@: weak-willed, very slightly contaminated
A: no striking features
a: Renounce Religion, Fiery Armour, Foxfire Swarm, Rising Flame


You were on level 2 of the Dungeon.
You worshipped Ignis.
Ignis was extremely pleased with you.
You visited 1 branch of the dungeon, and saw 2 of its levels.

You collected 51 gold pieces.

Inventory:

Hand Weapons
 a - a -1 hand axe of flaming (weapon)
Armour
 b - a +0 robe
 d - a +0 cloak (worn)
 g - a +1 ring mail (worn)
 h - a +0 scale mail
Scrolls
 c - a scroll of enchant armour
Potions
 f - a potion of lignification


   Skills:
 + Level 3.4 Fighting
 + Level 3.5 Axes
 + Level 1.8 Spellcasting
 + Level 3.4 Fire Magic


You had 4 spell levels left.
You knew the following spells:

 Your Spells              Type           Power      Damage    Failure   Level
a - Scorch                Fire           24%        2d6       16%         2

Your spell library contained the following spells:

 Spells                   Type           Power      Damage    Failure   Level


Dungeon Overview and Level Annotations

Branches:
Dungeon (2/15)

Altars:

Shops:
D:1 (=

Annotations:
D:2 Robin


Message History

The adder closely misses you.
You barely miss the adder.
The adder is heavily wounded.
The goblin no longer looks unusually strong.
The adder barely misses you.
Robin roars a battlecry!
The goblin goes into a battle-frenzy!
You hit the adder. You burn the adder.
The adder is severely wounded.
The hobgoblin no longer looks unusually strong.
The adder closely misses you.
Robin roars a battlecry!
The hobgoblin goes into a battle-frenzy!
The adder barely misses you.
You hit the adder. You burn the adder.
You kill the adder!
Robin says, "Kneel, worm!"
You have reached level 4!
You feel stronger.
You hit the goblin. You burn the goblin.
You kill the goblin!
Robin hits you but does no damage.
You barely miss the hobgoblin. Robin closely misses you.
The hobgoblin hits you.
* * * LOW HITPOINT WARNING * * *
The goblin misses you.
Unknown command.
Casting: Scorch (safe; 16% risk of failure)
Confirm with . or Enter, or press ? or * to list all spells.
You miscast Scorch.
You are very lightly contaminated with residual magic.
Nothing appears to happen.
Robin hits you but does no damage. The goblin hits you but does no damage.
You hit the hobgoblin but do no damage. You miss the goblin.
Robin hits you but does no damage. The hobgoblin barely misses you.
The goblin completely misses you. The goblin barely misses you.
You barely miss the hobgoblin. You miss the goblin.
Robin hits you but does no damage. The goblin barely misses you.
The goblin hits you with a +0 dagger.
You die...

...>... .....#
.....# ....#
###...###
####...g...#
......ggg#.# #g##.#
## #@g#.#
...##).#.## #
#........##.####
..##.##.....^.....#
............##.##.
..#####.##### . #.#
####.#### #.......#


You could see Robin (weak-willed), 2 hobgoblins and 3 goblins.

Vanquished Creatures
  A gnoll (D:1)
  2 adders (D:2)
  A dart slug (D:2)
  2 bats (D:1)
  2 endoplasms
  7 goblins
  2 hobgoblins
  2 kobolds (D:1)
  3 rats (D:1)
22 creatures vanquished.

Vanquished Creatures (others)
  2 plants (D:1)
2 creatures vanquished.

Grand Total: 24 creatures vanquished

Notes
Turn   | Place    | Note
-------+----------+-------------------------------------------
     0 | D:1      | sampeng1 the Human Cinder Acolyte began the quest for the
                  | Orb.
     0 | D:1      | Reached XP level 1. HP: 18/18 MP: 2/2
    93 | D:1      | Found a transporter.
    94 | D:1      | Found Geukuaj's Jewellery Shoppe.
   468 | D:1      | Reached XP level 2. HP: 18/24 MP: 3/3
   471 | D:1      | Learned a level 2 spell: Scorch
   481 | D:1      | Found Zoero's Antique Weapon Shop.
   657 | D:1      | Found a transporter.
   793 | D:1      | Reached XP level 3. HP: 29/29 MP: 5/5
   996 | D:2      | Noticed Robin
  1028 | D:2      | Reached XP level 4. HP: 8/35 MP: 1/6
  1032 | D:2      | Slain by a goblin

Illustrated notes

Levels and vault maps discovered:
D:1:      lemuel_arrival_funnel, layout_basic, serial_shops,
          nicolae_shop_drivethru, nicolae_shop_tiny_real_fake_doors,
          serial_bayou_lake_a
D:2:      layout_loops_cross, basic_altar, pf_guarded_unrand_woodcutter,
          uniq_robin

Action                     |  1- 3 |  4- 6 || total
---------------------------+-------+-------++-------
  Melee: Hand axe          |    75 |     4 ||    79
   Cast: Scorch            |     4 |       ||     4
    Use: Scroll            |     4 |       ||     4
 Armour: Robe              |     1 |       ||     1
         Ring mail         |    39 |     5 ||    44
  Dodge: Dodged            |    46 |     6 ||    52

Table legend: (Time is in decaauts)
 A = Elapsed time spent in this place.
 B = Non-inter-level travel time spent in this place.
 C = Inter-level travel time spent in this place.
 D = Time resting spent in this place.
 E = Time spent auto-exploring this place.
 F = Levels seen in this place.
 G = Mean time per level.
                   A        B        C        D        E       F      G
               +--------+--------+--------+--------+--------+-----+--------+
         Total |   1083 |   1028 |     55 |      0 |    646 |   2 |  541.5 |
       Dungeon |   1083 |   1028 |     55 |      0 |    646 |   2 |  541.5 |
               +--------+--------+--------+--------+--------+-----+--------+

Top non-repeatable levels by time:
     D:1: 1014 daAuts
     D:2: 68 daAuts
